 Dungeon Crawl Stone Soup version 0.28.0-1-gb440e238dd (webtiles) character file.

Game seed: 8677838349261344726

36 styxcanada the Stinger (level 3, -3/19 HPs)
             Began as a Deep Elf Venom Mage on Feb 27, 2022.
             Slain by an ogre (6 damage)
             ... on level 4 of the Dungeon.
             The game lasted 00:05:18 (1536 turns).

styxcanada the Stinger (Deep Elf Venom Mage)        Turns: 1536, Time: 00:05:19

Health: -3/19      AC:  2    Str: 11    XL:     3   Next: 19%
Magic:  8/9        EV: 12    Int: 21    God:
Gold:   124        SH:  0    Dex: 15    Spells: 5/8 levels left

rFire   . . .      SeeInvis +   h - +1 flail (protect)
rCold   . . .      Faith    .   (no shield)
rNeg    . . .      Spirit   .   a - +0 robe
rPois   .          Reflect  .   (no helmet)
rElec   .          Harm     .   (no cloak)
rCorr   .          Rampage  .   (no gloves)
Will    .....                   (no boots)
Stlth   ++........              (no amulet)
HPRegen 0.06/turn               g - ring of see invisible
MPRegen 0.11/turn               l - +6 ring of strength

@: no status effects
A: no striking features
a: no special abilities


You were on level 4 of the Dungeon.
You visited 1 branch of the dungeon, and saw 3 of its levels.

You collected 124 gold pieces.

Inventory:

Hand Weapons
 c - a +0 short sword
 h - a +1 flail of protection (weapon)
 j - a +0 hunting sling
Missiles
 k - 5 stones
 m - 6 poisoned darts (quivered)
Armour
 a - a +0 robe (worn)
Jewellery
 g - a ring of see invisible (left hand)
 l - a +6 ring of strength (right hand)
Scrolls
 b - 2 scrolls of magic mapping {unknown}
 d - a scroll of enchant weapon {unknown}
 e - a scroll of silence {unknown}
 f - a scroll of enchant armour {unknown}
 i - 2 scrolls of teleportation {unknown}


   Skills:
 + Level 2.6 Dodging
 * Level 2.9 Stealth
 + Level 3.3 Spellcasting
 + Level 2.1 Transmutations
 + Level 3.7 Poison Magic


You had 5 spell levels left.
You knew the following spells:

 Your Spells              Type           Power      Damage    Failure   Level
a - Sting                 Tmut/Pois      60%        1d6       3%          1
b - Poisonous Vapours     Pois/Air       22%        N/A       9%          2

Your spell library contained the following spells:

 Spells                   Type           Power      Damage    Failure   Level
 Mephitic Cloud           Conj/Pois/Air  8%         N/A       22%         3
 Olgreb's Toxic Radiance  Pois           19%        N/A       26%         4


Dungeon Overview and Level Annotations

Branches:
Dungeon (2/15)

Altars:


Message History

The orc shouts!
The hobgoblin hits you but does no damage.
The phantom hits you but does no damage.
The hobgoblin misses you. The orc hits you but does no damage.
The hobgoblin hits you. The orc barely misses you.
The orc hits you from afar with a +0 trident!
The orc closely misses you. The orc barely misses you.
The orc hits you from afar with a +0 trident.
The orc hits you with a +0 club.
* * * LOW HITPOINT WARNING * * *
An ogre comes into view. It is wielding a +0 giant spiked club.
The ogre shouts!
You open the door. The phantom misses you.
The ogre hits you with a +0 giant spiked club.
* * * LOW HITPOINT WARNING * * *
There is an open door here.
Casting: Sting (safe; 3% risk of failure)
Confirm with . or Enter, or press ? or * to list all spells.
Aiming: Sting (safe; 3% risk of failure)
Press: ? - help, Shift-Dir - straight line, f - ogre, p - phantom
Aim: an ogre, wielding a +0 giant spiked club (88% to hit)
The sting hits the ogre.
The ogre is poisoned.
The ogre is lightly wounded.
The ogre closely misses you.
Unknown command.
The ogre looks more healthy.
You open the door. The ogre misses you.
Found a stone staircase leading down.
There is an open door here.
Casting: Sting (safe; 3% risk of failure)
Confirm with . or Enter, or press ? or * to list all spells.
Aiming: Sting (safe; 3% risk of failure)
Press: ? - help, Shift-Dir - straight line, f/p - ogre
Aim: an ogre, wielding a +0 giant spiked club (lightly wounded, 88% to hit)
The sting hits the ogre.
The ogre is poisoned.
The ogre is moderately wounded.
Unknown command.
The ogre hits you with a +0 giant spiked club.
You die...

#....#
#....#
#....#
#..>.#
####+##....#
+..........#
#..........#
#...@OgWo..#
#########o##
#.W# #.o#
#o.# #..#
#..# #..#
#..#


You could see a phantom, an ogre (poisoned), 2 orcs and a hobgoblin.

Vanquished Creatures
  An adder (D:2)
  An orc (D:4)
  4 endoplasms
  A giant cockroach (D:1)
  2 goblins
  A hobgoblin (D:2)
  A quokka (D:2)
  5 ball pythons
  3 bats
  A frilled lizard (D:2)
  2 kobolds (D:2)
  A rat (D:2)
  A spectral hobgoblin (D:1)
24 creatures vanquished.

Notes
Turn   | Place    | Note
-------+----------+-------------------------------------------
     0 | D:1      | styxcanada the Deep Elf Venom Mage began the quest for the
                  | Orb.
     0 | D:1      | Reached XP level 1. HP: 10/10 MP: 6/6
   345 | D:1      | Reached XP level 2. HP: 15/15 MP: 5/8
   439 | D:1      | Found a faded altar of an unknown god.
   912 | D:2      | Reached XP level 3. HP: 18/19 MP: 7/9
  1262 | D:2      | Learned a level 2 spell: Poisonous Vapours
  1460 | D:2      | You fall into a shaft and drop 2 floors!
  1470 | D:4      | Noticed a phantom
  1502 | D:4      | Noticed an ogre
  1536 | D:4      | Slain by an ogre

Illustrated notes

Levels and vault maps discovered:
D:1:      nzn_arrival_depleted_hourglass, layout_basic,
          dreamdust_ecumenical_altar_drowned_temple
D:2:      layout_loops_ring
D:4:      layout_gridville, uniq_grinder

Skill      XL: |  1  2 |
---------------+-------+-----
Transmutations | 2 |  2.1
Dodging        | |  2.6
Stealth        | |  2.9
Spellcasting   | |  3.3
Poison Magic   | |  3.7

Action                   || total
-------------------------++-------
Melee: Flail             ||    30
 Cast: Sting             ||    31
       Poisonous Vapours ||     2
  Use: Potion            ||     1
 Stab: Sleeping          ||     2
Armor: Robe              ||    20
Dodge: Dodged            ||    36
